 Dungeon Crawl Stone Soup version 0.31.0-9-g3a7656b989 (webtiles) character file.

Game seed: 11035759789682243285

686 Marvel the Ruffian (level 7, -3/100 HPs)
             Began as a Troll Berserker on Feb 3, 2024.
             Was a Believer of Trog.
             Incinerated by a bombardier beetle (5 damage)
             ... with a burning spray
             ... on level 4 of the Dungeon.
             The game lasted 00:03:54 (2049 turns).

Marvel the Ruffian (Troll Berserker)                Turns: 2049, Time: 00:03:55

Health: -3/100     AC:  4    Str: 28    XL:     7   Next: 35%
Magic:  6/6        EV: 10    Int:  3    God:    Trog [**....]
Gold:   165        SH:  0    Dex:  9    Spells: 6/6 levels left

rFire   . .          .
                       - Unarmed
rCold   . . .        (no shield)
rNeg    . . .        a - +0 animal skin
rPois   .            (helmet restricted)
rElec   .            k - scarf {+Inv}
rCorr   .            (gloves unavailable)
SInv    .            (boots unavailable)
Will    ++...        m - amulet of regeneration Stlth
                     (no ring)
HPRegen 2.96/turn    (no ring)
MPRegen 0.10/turn

%: no passive effects
@: berserking, lethally poisoned (-3 -> -3), on fire, strong-willed,
regenerating, glowing, very quick
A: large, unfitting armour, claws 3, regeneration 1, shaggy fur 1, tough skin 1
a: Renounce Religion, Evoke Invisibility, Berserk, Trog's Hand


You were on level 4 of the Dungeon.
You worshipped Trog.
Trog was pleased with you.
You visited 1 branch of the dungeon, and saw 4 of its levels.

You collected 165 gold pieces.

Inventory:

Hand Weapons
 n - the +8 war axe of the Unstoppable Spines {freeze, Str+3}
   (You found it on level 3 of the Dungeon)

   Str+3:     It affects your strength (+3).
Missiles
 b - 10 poisoned darts (quivered)
Armour
 a - a +0 animal skin (worn)
 k - a scarf of invisibility (worn)
Jewellery
 m - an amulet of regeneration (around neck)
 q - a ring of protection from fire
Wands
 i - a wand of flame (15)
Scrolls
 c - a scroll of poison {unknown}
 e - a scroll of immolation {unknown}
 f - a scroll of identify
Potions
 d - a potion of degeneration {unknown}
 g - 6 potions of curing {unknown}
 j - a potion of heal wounds


   Skills:
 + Level 3.2 Fighting
 + Level 4.3 Dodging
 + Level 0.6 Stealth
 + Level 6.7 Unarmed Combat


You had 6 spell levels left.
You didn't know any spells.
Your spell library was empty.

Dungeon Overview and Level Annotations

Branches:
Dungeon (4/15)             Temple (0/1) D:4

Altars:
Vehumet
Wu Jian
Yredelemnul


Innate Abilities, Weirdness & Mutations

You are too large for most types of armour.
You have claws for hands.
Your natural rate of healing is unusually fast.
You are covered in fur. (AC +1)
You have tough skin. (AC +1)


Message History

The ribbon worm expels a string of sticky webbing.
The stream of webbing hits you but does no damage.
You are caught in a web!
You struggle to detach yourself from the web.
The liquid fire burns you!
You feel sick. The adder bites you but does no damage. The river rat bites you!
The adder closely misses you.
You struggle to detach yourself from the web.
The liquid fire burns you!
You feel sick. The ribbon worm bites you. The adder bites you.
The river rat bites you.
* * * LOW HITPOINT WARNING * * *
The web tears apart.
The liquid fire burns you!
* * * LOW HITPOINT WARNING * * *
You feel sick. The adder closely misses you.
The ribbon worm completely misses you. The river rat bites you.
* * * LOW HITPOINT WARNING * * *
The ribbon worm bites you but does no damage.
You shake off some of the fire as you move.
The liquid fire burns you!
* * * LOW HITPOINT WARNING * * *
You feel sick. The adder bites you.
* * * LOW HITPOINT WARNING * * *
You are more poisoned.
The adder poisons you!
Okay, then.
Your skin crawls.
You feel strong-willed. The liquid fire burns you!
* * * LOW HITPOINT WARNING * * *
You feel sick. The adder bites you.
* * * LOW HITPOINT WARNING * * *
You are more poisoned.
The adder poisons you! The ribbon worm closely misses you.
The adder closely misses you.
A red film seems to cover your vision as you go berserk!
You feel yourself moving faster!
You feel mighty! The liquid fire burns you!
You die...

#.###### ...
#......# ...
#......# #...
#......# ..
##.b...# .
#.b...# ##.....#
#########......#
#......@wr.?..!#
#......Sw...#.##
#..$...~......#
#..~.~~~~~......
#.~~#~#~####..##
##~~~~~~~ ..#
######## ..# #


You could see 2 ribbon worms, an adder and a river rat.

Vanquished Creatures
  Sigmund (D:3)
  An ogre (D:4)
  2 scorpions
  A water moccasin zombie (D:4)
  A bombardier beetle (D:4)
  An orc priest (D:3)
  An iguana (D:3)
  2 orc wizards (D:3)
  3 hound zombies (D:4)
  3 adders
  2 ribbon worms
  2 orcs (D:3)
  6 bats
  4 endoplasms
  5 giant cockroaches
  5 goblins
  6 hobgoblins
  6 kobolds
  2 quokkas
  9 ball pythons
  5 frilled lizards
  2 rats (D:1)
70 creatures vanquished.

Notes
Turn   | Place    | Note
-------+----------+-------------------------------------------
     0 | D:1      | Marvel the Troll Berserker began the quest for the Orb.
     0 | D:1      | Reached XP level 1. HP: 22/22 MP: 0/0
    53 | D:1      | Reached XP level 2. HP: 29/29 MP: 1/1
   321 | D:1      | Reached ** piety under Trog
   373 | D:1      | Reached XP level 3. HP: 36/36 MP: 2/2
   743 | D:2      | Reached skill level 4 in Unarmed Combat
   969 | D:3      | Reached XP level 4. HP: 35/44 MP: 3/3
   990 | D:3      | Reached XP level 5. HP: 37/52 MP: 4/4
  1192 | D:3      | Found an ornate altar of the Wu Jian Council.
  1198 | D:3      | Reached skill level 5 in Unarmed Combat
  1212 | D:3      | Identified the +8 war axe of the Unstoppable Spines
                  | {freeze, Str+3}
  1329 | D:3      | Noticed Sigmund
  1341 | D:3      | Killed Sigmund
  1342 | D:3      | Reached XP level 6. HP: 61/61 MP: 5/5
  1517 | D:3      | Found a radiant altar of Vehumet.
  1829 | D:4      | Reached skill level 6 in Unarmed Combat
  1857 | D:4      | Found a staircase to the Ecumenical Temple.
  1929 | D:4      | Reached XP level 7. HP: 65/67 MP: 6/6
  1930 | D:4      | Found a basalt altar of Yredelemnul.
  1957 | D:4      | Reached *** piety under Trog
  2048 | D:4      | HP: 1/67 [burnt (3)]
  2049 | D:4      | Incinerated by a bombardier beetle

Illustrated notes

Levels and vault maps discovered:
D:1:      minmay_arrival_shattered_statue, layout_basic
D:2:      layout_rooms
D:3:      layout_loops_ring, vehumet_crystals, nicolae_wu_jian_wuxing_cycle,
          serial_forest, infiniplex_forest_straight_2,
          infiniplex_forest_lined_room_, infiniplex_forest_lined_2,
          infiniplex_forest_clump_small, infiniplex_forest_end_3,
          infiniplex_forest_straight_2, uniq_sigmund
D:4:      layout_basic, nicolae_yredelemnul_corpse_copse,
          gammafunk_temple_overflow_pools, chequers_temple_overflow_minitemple,
          temple_fountains, lightli_sewer_entry_pipes

Skill      XL: |  1  2  3  4  5  6 |
---------------+-------------------+-----
Dodging        | 3 4 |  4.3
Unarmed Combat | 4 5 6 |  6.7
Fighting       | 3 |  3.2
Stealth        | |  0.6

Action                     |  1- 3 |  4- 6 |  7- 9 || total
---------------------------+-------+-------+-------++-------
  Melee: Unarmed           |   118 |    82 |    19 ||   219
         Punch             |     1 |     4 |       ||     5
 Invoke: Berserk           |       |       |     1 ||     1
         Trog's Hand       |       |       |     1 ||     1
    Use: Scroll            |       |       |     5 ||     5
   Stab: Sleeping          |     1 |       |       ||     1
 Armour: Animal skin       |    68 |    36 |    28 ||   132
  Dodge: Dodged            |    65 |    18 |    18 ||   101
